 Dungeon Crawl Stone Soup version 0.18.1-48-g4cf74bf (webtiles) character file.

4888 tyranidshit the Fighter (level 10, 0/100 HPs)
             Began as a Deep Dwarf Necromancer on July 11, 2016.
             Was an Elder of Makhleb.
             Killed by divine providence
             ... invoked by an orc priest
              (11 damage)
             ... on level 10 of the Dungeon.
             The game lasted 00:48:09 (6702 turns).

tyranidshit the Fighter (Deep Dwarf Necromancer)    Turns: 6702, Time: 00:48:10

Health: 0/100      AC:  6    Str: 12    XL:     10   Next: 26%
Magic:  1/38       EV: 13    Int: 19    God:    Makhleb [****..]
Gold:   218        SH:  0    Dex: 18    Spells: 3 memorised, 19 levels left

rFire  . . .     SeeInvis .     E - +2 quarterstaff (chaos)
rCold  . . .     Gourm    .     B - +0 robe of the Thistle {Regen+ MP+9}
rNeg   . . .     Faith    .     (shield currently unavailable)
rPois  .         Spirit   .     (no helmet)
rElec  .         Dismiss  .     F - +0 cloak
rCorr  .         Reflect  .     e - +1 pair of gloves {Dex+3}
SustAt .         Harm     .     y - +0 pair of boots
MR     +....                    (no amulet)
Stlth  ++........               l - ring of magical power
                                f - +2 ring of dexterity

@: lethally poisoned (0 -> -67), non-regenerating, somewhat resistant to hostile
enchantments, unstealthy
A: damage resistance, recharge devices, low mp 1, sense surroundings 2, slow
regeneration 3
a: Device Recharging, Minor Destruction, Lesser Servant of Makhleb, Major
Destruction, Renounce Religion


You were on level 10 of the Dungeon.
You worshipped Makhleb.
Makhleb was greatly pleased with you.
You were not hungry.

You visited 2 branches of the dungeon, and saw 11 of its levels.

You collected 448 gold pieces.
You spent 230 gold pieces at shops.

Inventory:

Hand Weapons
 E - a +2 quarterstaff of chaos (weapon)
Missiles
 j - 29 poisoned needles
Armour
 e - a +1 pair of gloves of dexterity (worn)
 y - a +0 pair of boots (worn)
 B - the +0 robe of the Thistle (worn) {Regen+ MP+9}
   (You found it on level 8 of the Dungeon)

   It affects your magic capacity (+9).
   It increases your rate of regeneration.
 F - a +0 cloak (worn)
Jewellery
 f - a +2 ring of dexterity (left hand)
 l - a ring of magical power (right hand)
 o - an uncursed ring of positive energy
 x - an uncursed ring of flight
 D - an uncursed amulet of dismissal
Wands
 c - a wand of heal wounds (0/9)
 g - a wand of lightning (6/15)
 h - a wand of iceblast (4/15)
 i - a wand of acid (12/15)
 u - a wand of digging (4/24)
 A - a wand of teleportation (2/9)
 C - a wand of digging (10/24)
Scrolls
 a - a scroll of amnesia
 m - 12 scrolls of identify
 s - a scroll of teleportation
 t - a scroll of fog {unknown}
 v - 5 scrolls of remove curse
Potions
 d - 2 potions of lignification
 n - 3 potions of curing
 p - 2 potions of degeneration
 r - a potion of mutation
 w - a potion of invisibility
 G - a potion of berserk rage
Books
 b - a book of Necromancy

   Spells                             Type                      Level
   a - Pain                           Necromancy                   1
   b - Animate Skeleton               Necromancy                   1
   c - Vampiric Draining              Necromancy                   3
   d - Regeneration                   Charms/Necromancy            3
   e - Animate Dead                   Necromancy                   4
   f - Control Undead                 Necromancy                   4
 z - Vehumet's Disquisition on Battle Magic
   (You found it on level 4 of the Dungeon)

   Spells                             Type                      Level
   a - Magic Dart                     Conjuration                  1
 H - a book of Misfortune

   Spells                             Type                      Level
   a - Confusing Touch                Hexes                        2
   b - Confuse                        Hexes                        3
   c - Gell's Gravitas                Hexes/Translocation          3
   d - Petrify                        Transmutation/Earth          4
   e - Metabolic Englaciation         Hexes/Ice                    5
   f - Yara's Violent Unravelling     Hexes/Transmutation          5
Comestibles
 k - 9 bread rations
 q - 4 meat rations


   Skills:
 + Level 9.7 Fighting
 - Level 2.1 Dodging
 - Level 2.4 Stealth
 + Level 9.3 Spellcasting
 - Level 4.3 Necromancy


You had 19 spell levels left.
You knew the following spells:

 Your Spells              Type           Power        Failure   Level  Hunger
a - Pain                  Necr           ####         1%          1    None
b - Vampiric Draining     Necr           ####......   4%          3    None
c - Animate Dead          Necr           N/A          14%         4    ###....


Dungeon Overview and Level Annotations

Branches:
Dungeon (10/15)            Temple (1/1) D:5
   Lair: D:8-11         Orc: D:9-12

Altars:
Ashenzari
Cheibriados
Dithmenos
Elyvilon
Fedhas
Gozag
Kikubaaqudgha
Makhleb
Nemelex Xobeh
Okawaru
Pakellas
Qazlal
Ru
Sif Muna
Trog
Vehumet
Xom
Yredelemnul
Zin
The Shining One

Shops:
D:4 [

Annotations:
D:7 Aquadorian's ghost, novice MiFi
D:10 Psyche


Innate Abilities, Weirdness & Mutations

You are resistant to damage.
You can recharge devices by infusing magical energy.
You passively map the area around you.
You do not regenerate naturally.
Your magical capacity is low (-10% MP).


Message History

Aiming: Vampiric Draining
Press: ? - help, Shift-Dir - straight line, f/p - green ugly thing
Aim: a green ugly thing (severely wounded)
The green ugly thing is almost dead.
You feel life coursing into your body.
You feel extremely sick.
The green ugly thing tentacle-slaps you!
* * * LOW HITPOINT WARNING * * *
Casting: Vampiric Draining
Confirm with . or Enter, or press ? or * to list all spells.
Aiming: Pain
Press: ? - help, Shift-Dir - straight line, f/p - green ugly thing
Aim: a green ugly thing (almost dead, chance to defeat MR: 71%)
The green ugly thing convulses in agony!
* * * LOW HITPOINT WARNING * * *
You feel extremely sick. The green ugly thing barely misses you.
The orc priest mumbles some strange prayers to Beogh against you.
Beogh smites you!
You die...

.#........ , ,
.#...................#
.....................#
.....................#
#.#... #...........#
#.#.###.##...........#
..)<....##...........###
.#########.......h....o.
,,
................@u...#*
, .#########...........#
, .# ############# , ##
** , *


You could see a green ugly thing, a warg and an orc priest.

Vanquished Creatures
  Pikel (D:4)
  Joseph (D:10)
  2 trolls
  A merfolk (D:9)
  2 two-headed ogres
  Grinder (D:6)
  Sigmund (D:6)
  3 yaks
  A water moccasin (D:6)
  Duvessa (D:5)
  An ice beast (D:8)
  4 ogres
  3 sky beasts
  3 centaurs
  A phantom (D:4)
  3 giant frogs
  Dowan (D:5)
  A water moccasin zombie (D:5)
  3 killer bees (D:9)
  4 crimson imps
  3 hounds
  A centaur skeleton (D:4)
  Crazy Yiuf (D:6)
  2 jellies
  A giant frog skeleton (D:4)
  2 iguanas
  3 orc wizards
  2 worker ants
  A hound skeleton (D:10)
  A worker ant zombie (D:8)
  A howler monkey zombie (D:9)
  7 gnolls
  8 adders
  A white imp (D:8)
  An ooze (D:1)
  An adder zombie (D:6)
  3 worms (D:2)
  A dart slug (D:3)
  4 giant geckos
  18 orcs
  3 giant cockroaches
  9 goblins
  8 hobgoblins
  17 jackals
  5 quokkas
  A ball python (D:1)
  4 bats
  A giant gecko skeleton (D:5)
  11 giant newts
  3 kobolds
  12 rats
  2 fungi (D:6)
176 creatures vanquished.

Vanquished Creatures (others)
  Menkaure (D:4)
  A phantom (D:9)
  An adder (D:4)
  An ooze (D:4)
  An adder skeleton (D:4)
  A giant cockroach (D:4)
  A quokka (D:4)
7 creatures vanquished.

Grand Total: 183 creatures vanquished

Notes
Turn   | Place    | Note
--------------------------------------------------------------
     0 | D:1      | tyranidshit the Deep Dwarf Necromancer began the quest for the Orb.
     0 | D:1      | Reached XP level 1. HP: 15/15 MP: 3/3
   150 | D:1      | Reached skill level 1 in Fighting
   150 | D:1      | Reached XP level 2. HP: 16/25 MP: 0/5
   662 | D:1      | Reached XP level 3. HP: 29/31 MP: 2/6
   667 | D:1      | Learned a level 3 spell: Vampiric Draining
  1147 | D:2      | Found a burning altar of Makhleb.
  1220 | D:2      | Became a worshipper of Makhleb the Destroyer
  1250 | D:2      | Reached XP level 4. HP: 32/39 MP: 0/8
  1673 | D:3      | Reached * piety under Makhleb
  2016 | D:3      | Reached XP level 5. HP: 32/46 MP: 6/10
  2137 | D:3      | Reached ** piety under Makhleb
  2446 | D:4      | Noticed a slave
  2446 | D:4      | Noticed a slave
  2448 | D:4      | Noticed Pikel
  2459 | D:4      | Noticed Menkaure
  2474 | D:4      | Killed Pikel
  2474 | D:4      | Reached XP level 6. HP: 30/57 MP: 8/12
  2516 | D:4      | Killed Menkaure
  2605 | D:4      | Found a radiant altar of Vehumet.
  2611 | D:4      | Found Kiuh's Armour Shoppe.
  2611 | D:4      | Found an ancient bone altar of Kikubaaqudgha.
  2624 | D:4      | Bought a +0 pair of boots for 49 gold pieces
  2634 | D:4      | Found a deep blue altar of Sif Muna.
  2641 | D:4      | Identified Vehumet's Disquisition on Battle Magic (You found it on level 4 of the Dungeon)
  2691 | D:4      | Reached XP level 7. HP: 45/66 MP: 14/14
  2762 | D:4      | Found a glowing golden altar of the Shining One.
  2765 | D:4      | Found a basalt altar of Yredelemnul.
  2789 | D:5      | Entered Level 5 of the Dungeon
  2969 | D:5      | Reached skill level 5 in Spellcasting
  3009 | D:5      | Found a staircase to the Ecumenical Temple.
  3023 | Temple   | Entered the Ecumenical Temple
  3174 | D:5      | Reached skill level 5 in Fighting
  3193 | D:5      | Noticed Duvessa
  3194 | D:5      | Noticed Dowan
  3208 | D:5      | Killed Duvessa
  3214 | D:5      | Killed Dowan
  3261 | D:5      | Reached XP level 8. HP: 43/76 MP: 1/16
  3570 | D:5      | Found an oddly glowing altar of Pakellas.
  3571 | D:5      | Found a shadowy altar of Dithmenos.
  3678 | D:6      | Noticed Sigmund
  3691 | D:6      | Killed Sigmund
  3759 | D:6      | Reached *** piety under Makhleb
  3777 | D:6      | Found a white marble altar of Elyvilon.
  3823 | D:6      | Noticed Grinder
  3834 | D:6      | Killed Grinder
  4254 | D:6      | Noticed Crazy Yiuf
  4265 | D:6      | Killed Crazy Yiuf
  4451 | D:4      | Bought a +1 pair of gloves of dexterity for 181 gold pieces
  4540 | D:7      | Noticed Aquadorian's ghost (novice MiFi)
  4656 | D:7      | Noticed a troll
  4745 | D:7      | Found a shattered altar of Ashenzari.
  4755 | D:7      | Killed a troll
  4755 | D:7      | Gained mutation: You passively map the area around you. [Deep Dwarf growth]
  4755 | D:7      | Reached XP level 9. HP: 76/86 MP: 12/20
  5387 | D:8      | Found a snail-covered altar of Cheibriados.
  5498 | D:8      | Reached **** piety under Makhleb
  5552 | D:8      | Got a wizard robe
  5563 | D:8      | Identified the +0 robe of the Thistle {Regen+ MP+9} (You found it on level 8 of the Dungeon)
  5795 | D:9      | Gained mutation: Your spells are a little harder to cast, but a little more powerful. [potion of mutation]
  5795 | D:9      | Gained mutation: Scrolls take you a little longer to read. [potion of mutation]
  5795 | D:9      | Gained mutation: Your mind is acute. (Int +2) [potion of mutation]
  5844 | D:9      | Lost mutation: Scrolls take you a little longer to read. [potion of cure mutation]
  5844 | D:9      | Lost mutation: Your mind is acute. (Int +2) [potion of cure mutation]
  5844 | D:9      | Lost mutation: Your spells are a little harder to cast, but a little more powerful. [potion of cure mutation]
  5845 | D:9      | Gained mutation: You occasionally shout uncontrollably at your foes. [potion of mutation]
  5845 | D:9      | Gained mutation: Your magical capacity is low (-10% MP). [potion of mutation]
  5845 | D:9      | Gained mutation: Armour fits poorly on your strangely shaped body. [potion of mutation]
  5846 | D:9      | Lost mutation: Armour fits poorly on your strangely shaped body. [potion of cure mutation]
  5846 | D:9      | Lost mutation: You occasionally shout uncontrollably at your foes. [potion of cure mutation]
  5862 | D:9      | Noticed a troll
  5882 | D:9      | Found a basalt altar of Yredelemnul.
  6025 | D:9      | HP: 3/90 [troll (8)]
  6045 | D:9      | Killed a troll
  6083 | D:9      | Found an iron altar of Okawaru.
  6197 | D:9      | Noticed a merfolk
  6213 | D:9      | Killed a merfolk
  6418 | D:10     | Entered Level 10 of the Dungeon
  6418 | D:10     | Noticed Psyche
  6448 | D:10     | Noticed Joseph
  6456 | D:10     | Killed Joseph
  6456 | D:10     | Reached XP level 10. HP: 45/99 MP: 16/19
  6499 | D:9      | Learned a level 4 spell: Animate Dead
  6623 | D:10     | Noticed a molten gargoyle
  6624 | D:10     | Noticed a molten gargoyle
  6624 | D:10     | Noticed a molten gargoyle
  6692 | D:10     | Noticed a green ugly thing
  6702 | D:10     | Killed from afar by an orc priest

Skill      XL: |  1  2  3  4  5  6  7  8  9 |
---------------+----------------------------+-----
Spellcasting   | 2 3 4 5 7 9 |  9.3
Fighting       | 1 2 3 4 5 7 9 |  9.7
Dodging        | |  2.1
Stealth        | |  2.4
Necromancy     | |  4.3

Action                   |  1- 3 |  4- 6 |  7- 9 | 10-12 || total
-------------------------+-------+-------+-------+-------++-------
Melee: Club              |    41 |    42 |       |       ||    83
       Unarmed           |     2 |       |       |       ||     2
       Whip              |       |    17 |       |       ||    17
       Trident           |       |     5 |       |       ||     5
       Flail             |       |    66 |    88 |       ||   154
       Quarterstaff      |       |       |   122 |    23 ||   145
 Cast: Pain              |    49 |    35 |    15 |     5 ||   104
       Vampiric Draining |     6 |    33 |   139 |    24 ||   202
 Abil: Device Recharging |       |       |     1 |       ||     1
Evoke: Wand              |       |     4 |    16 |     1 ||    21
  Use: Scroll            |     4 |     4 |     9 |       ||    17
       Potion            |     3 |     3 |     8 |       ||    14
 Stab: Sleeping          |       |     2 |     4 |       ||     6
       Petrifying        |       |       |     1 |       ||     1
  Eat: Bread ration      |     1 |     1 |       |       ||     2
       Pizza             |       |     1 |     1 |       ||     2
       Beef jerky        |       |       |     1 |       ||     1
       Meat ration       |       |       |     3 |       ||     3
       Royal jelly       |       |       |     1 |       ||     1
Armor: Robe              |    15 |    41 |    93 |     6 ||   155
Dodge: Dodged            |    57 |   124 |   308 |    32 ||   521
